 Dungeon Crawl Stone Soup version 0.22-a0-601-gb0ed703 (webtiles) character file.

182 vineage the Shield-Bearer (level 5, -1/42 HPs)
             Began as a Formicid Fighter on July 6, 2018.
             Slain by a hobgoblin (2 damage)
             ... on level 2 of the Dungeon.
             The game lasted 00:02:53 (1987 turns).

vineage the Shield-Bearer (Formicid Fighter)        Turns: 1987, Time: 00:02:53

Health: -1/42      AC:  7    Str: 21    XL:     5   Next: 93%
Magic:  5/5        EV:  8    Int:  7    God:
Gold:   147        SH:  9    Dex: 11    Spells: 4/4 levels left

rFire    . . .     SeeInvis +   a - +0 flail
rCold    . . .     Gourm    .   c - +0 shield
rNeg     . . .     Faith    .   b - +0 scale mail
rPois    .         Spirit   .   (helmet unavailable)
rElec    .         Reflect  .   (no cloak)
rCorr    .         Harm     .   (no gloves)
MR       .....                  (no boots)
Stlth    ..........             (no amulet)
HPRegen  0.14/turn              (no ring)
MPRegen  0.09/turn              (no ring)

@: no status effects
A: permanent stasis, dig shafts and tunnels, four strong arms, antennae 3
a: Dig, Shaft Self


You were on level 2 of the Dungeon.
You were not hungry.

You visited 1 branch of the dungeon, and saw 3 of its levels.

You collected 147 gold pieces.

Inventory:

Hand Weapons
 a - a +0 flail (weapon)
 d - a +2 whip of venom
Armour
 b - a +0 scale mail (worn)
 c - a +0 shield (worn)
Scrolls
 e - 3 scrolls of teleportation
 g - a scroll of fear {unknown}
 h - 2 scrolls of remove curse
 j - a scroll of noise
Comestibles
 f - 4 rations


   Skills:
 + Level 3.7 Fighting
 * Level 4.3 Maces & Flails
 + Level 4.1 Armour
 + Level 4.5 Shields


You had 4 spell levels left.
You didn't know any spells.
Your spell library was empty.

Dungeon Overview and Level Annotations

Branches:
Dungeon (3/15)

Altars:
The Shining One


Innate Abilities, Weirdness & Mutations

You cannot be hasted, slowed, berserked, paralysed or teleported.
You can dig through walls and to a lower floor.
Your four strong arms can wield two-handed weapons with a shield.
You have a pair of large antennae on your head. (SInv)


Message History

You barely miss the orc priest.
The orc priest is severely wounded.
The giant cockroach bites you but does no damage.
You block the orc priest's attack. The orc hits you with a short sword.
* * * LOW HITPOINT WARNING * * *
The hobgoblin hits you but does no damage.
The goblin barely misses you.
The giant cockroach bites you but does no damage.
You closely miss the orc priest.
The orc priest is severely wounded.
The orc priest hits you but does no damage.
You block the orc's attack.
The giant cockroach bites you but does no damage.
The goblin barely misses you. You block the hobgoblin's attack.
Unknown command.
You hit the orc priest but do no damage.
The orc priest is severely wounded.
You block the giant cockroach's attack. You block the orc priest's attack.
You block the orc's attack. The hobgoblin hits you.
You die...

..# #....######### ..#
#............# ..#
######.(.(........# ..#
#.......#.........# ..#
#.......#.........# ..#
#.......#.........# ..#
#.......#.........# ###
###.(.gog.#.........# ###
#......@o.#####.#####
..#### #.....s...# #.#
#....#####...###########.#
.....'.........).......#.#
#....#####...#########.#.#
#....# #...# #.#.# #....#
#...# #.#.# #....# #...#
#.#.# #.#### #...# #.#.#


You could see an orc priest, an orc, a giant cockroach, a hobgoblin and a
goblin.

Vanquished Creatures
  A gnoll shaman (D:2)
  Terence (D:2)
  5 gnolls (D:2)
  4 adders (D:2)
  A leopard gecko (D:2)
  An orc (D:2)
  3 giant cockroaches (D:1)
  2 hobgoblins
  2 jackals (D:2)
  A quokka (D:2)
  5 bats
  4 frilled lizards
  4 goblins
  10 kobolds
  6 rats
50 creatures vanquished.

Notes
Turn   | Place    | Note
-------+----------+-------------------------------------------
     0 | D:1      | vineage the Formicid Fighter began the quest for the Orb.
     0 | D:1      | Reached XP level 1. HP: 18/18 MP: 1/1
   100 | D:1      | Reached XP level 2. HP: 20/24 MP: 2/2
   691 | D:2      | Reached XP level 3. HP: 6/29 MP: 3/3
   694 | D:2      | Reached XP level 4. HP: 8/36 MP: 4/4
   699 | D:2      | Reached XP level 5. HP: 10/41 MP: 5/5
  1662 | D:2      | Noticed Terence
  1670 | D:2      | Killed Terence
  1693 | D:2      | Found a glowing golden altar of the Shining One.
  1984 | D:2      | HP: 2/42 [goblin/dagger (1)]
  1987 | D:2      | Slain by a hobgoblin

Vault maps used:
D:1:      dpeg_arrival_signposts
D:2:      first_ration, tso_altar, uniq_terence
D:3:      fedhas_altar_fruit_tree

Skill      XL: |  1  2  3  4  5 |
---------------+----------------+-----
Shields        | 4 |  4.5
Maces & Flails | 3 4 |  4.3
Armour         | 4 |  4.1
Fighting       | |  3.7

Action                   |  1- 3 |  4- 6 || total
-------------------------+-------+-------++-------
Melee: Flail             |    65 |   129 ||   194
 Abil: Dig               |     1 |       ||     1
  Use: Potion            |     1 |       ||     1
       Scroll            |       |     3 ||     3
  Eat: Chunk             |       |     4 ||     4
Armor: Scale mail        |    43 |    64 ||   107
Dodge: Dodged            |    23 |    62 ||    85
Block: Shield            |    36 |    80 ||   116

Table legend:
 A = Spawn XP
 B = Non-spawn XP
 C = Spawn XP percentage of total XP
 D = Spawn monster count
 E = Non-spawn monster count
 F = Spawn count percentage of total count
 G = Total turns spent on level
                    A         B        C        D         E        F      G
               +---------+---------+-------+---------+---------+-------+---------
         Total |       0 |     260 |   0.0 |       0 |      50 |   0.0 |  1987
               +---------+---------+-------+---------+---------+-------+---------
           D:1 |       0 |      27 |   0.0 |       0 |      19 |   0.0 |   664
           D:2 |       0 |     233 |   0.0 |       0 |      31 |   0.0 |  1318
               +---------+---------+-------+---------+---------+-------+---------
